 Dungeon Crawl Stone Soup version 0.27.0-1-g7a089689b8 (webtiles) character file.

Game seed: 4285920130629861459

342 mandarbmax the Spear-Bearer (level 6, 0/66 HPs)
             Began as a Merfolk Gladiator on Aug 1, 2021.
             Was an Initiate of Yredelemnul.
             Slain by a hornet (4 damage)
             ... while paralysed by a hornet
             ... on level 5 of the Dungeon.
             The game lasted 00:04:52 (4199 turns).

mandarbmax the Spear-Bearer (Merfolk Gladiator)     Turns: 4199, Time: 00:04:53

Health: 0/66       AC: 23    Str: 12 (14) XL:     6   Next: 57%
Magic:  0/6        EV:  2    Int:  6 (7)  God:    Yredelemnul [......]
Gold:   157        SH:  0    Dex: 15 (18) Spells: 5/5 levels left

rFire    + . .     SeeInvis .   a - +0 trident
rCold    + . .     Faith    .   (no shield)
rNeg     + + +     Spirit   +   (armour currently unavailable)
rPois    +         Reflect  .   (helmet currently unavailable)
rElec    +         Harm     .   (cloak currently unavailable)
rCorr    +         Rampage  .   (gloves currently unavailable)
Will     .....     NoTele   +   (boots currently unavailable)
Stlth    +.........             i - amulet of guardian spirit
HPRegen  0.21/turn              f - ring of wizardry
MPRegen  0.10/turn              (no ring)

@: paralysed, tree-form, resistant, attractive
A: stationary, stasis, torment immunity, boosted hp, (nimble swimmer 2),
(mertail)
a: Renounce Religion


You were on level 5 of the Dungeon.
You worshipped Yredelemnul.
Yredelemnul was noncommittal.
You were a tree.
You visited 2 branches of the dungeon, and saw 6 of its levels.

You collected 157 gold pieces.

Inventory:

Hand Weapons
 a - a +0 trident (weapon)
Missiles
 d - 2 throwing nets (quivered)
 j - 19 poisoned darts
Armour
 b - a +0 leather armour (melded)
 c - a +0 helmet (melded)
 h - a +1 pair of boots (melded)
Jewellery
 f - a ring of wizardry (left branch)
 i - an amulet of guardian spirit (around neck)
Scrolls
 e - 5 scrolls of identify
 k - a scroll of teleportation {unknown}
 m - a scroll of magic mapping {unknown}
 q - a scroll of enchant weapon {unknown}
 s - a scroll of brand weapon {unknown}
Potions
 r - a potion of attraction


   Skills:
 - Level 2.1 Fighting
 + Level 10.2 Polearms
 - Level 2.0 Throwing
 - Level 4.0 Dodging


You had 5 spell levels left.
You didn't know any spells.
Your spell library contained the following spells:

 Spells                   Type           Power      Damage    Failure   Level
 Ignite Poison            Fire/Tmut/Pois 0%         N/A       50%         3
 Mephitic Cloud           Conj/Pois/Air  0%         N/A       50%         3
 Bolt of Magma            Conj/Fire/Erth 0%         4d4       99%         5


Dungeon Overview and Level Annotations

Branches:
Dungeon (5/15)             Temple (1/1) D:5

Altars:
Cheibriados
Dithmenos
Elyvilon
Nemelex Xobeh
Sif Muna
Trog
Vehumet
Yredelemnul

Shops:
D:1 [


Innate Abilities, Weirdness & Mutations

You are a tree.
Your roots penetrate the ground, keeping you stationary.
You cannot be teleported.
You are immune to unholy pain and torment.
Your maximum health is greatly increased.
Your equipment is partially melded.
((You are quick and stealthy near water. (Stealth+, EV+, Speed+++)))
((Your lower body shifts to a powerful aquatic tail in water.))


Message History

You miss the hornet.
The hornet is moderately wounded.
The hornet stings you but does no damage.
Unknown command.
You hit the hornet.
The hornet is heavily wounded.
You feel yourself speed up.
The hornet stings you but does no damage. x2
Unknown command.
You barely miss the hornet.
The hornet is heavily wounded.
The hornet stings you.
* * * LOW HITPOINT WARNING * * *
Unknown command.
Okay, then.
Okay, then.
Okay, then.
Throw: 3 throwing nets
Press: ? - help, Q - select action, (/) - cycle Shift-Dir - straight line, f - hornet
Aim: a hornet (heavily wounded, 46% to hit)
You throw a throwing net. The throwing net hits the hornet.
The hornet is caught in the net!
The hornet is heavily wounded.
The hornet struggles against the net. x2
You hit the hornet.
The hornet is severely wounded.
The hornet struggles against the net.
You catch the helpless hornet completely off-guard!
You hit the hornet.
The hornet is severely wounded.
The hornet struggles against the net.
The net rips apart, and the hornet comes free!
You barely miss the hornet.
The hornet is severely wounded.
The hornet stings you.
* * * LOW HITPOINT WARNING * * *
You suddenly lose the ability to move!
The hornet stings you.
You die...
Your body rises from the dead as a mindless zombie.

######...# #........#
#........# .. +.....?.#
..... #.......# #.##.##
#.......#
#..#..###.......#
...........♣y..#
#...#.........# #
#.⌠.#...####.######
...###.(.###............
#............###..#####
#..⌠..>..⌠.....##.#
#...........##.# .#
#.###...###..#.##.#
#...#.⌠.#..........


You could see a hornet.

Vanquished Creatures
  2 necrophages (D:4)
  An iguana (D:5)
  Natasha (D:3)
  2 hound skeletons (D:4)
  3 adders
  A worm (D:2)
  2 dart slugs
  2 orcs
  An endoplasm (D:1)
  4 giant cockroaches
  6 goblins
  A hobgoblin (D:2)
  8 jackals (D:2)
  3 kobolds
  4 quokkas
  6 ball pythons
  4 bats
  4 frilled lizards
  5 rats
  A spectral goblin (D:2)
61 creatures vanquished.

Notes
Turn   | Place    | Note
-------+----------+-------------------------------------------
     0 | D:1      | mandarbmax the Merfolk Gladiator began the quest for the
                  | Orb.
     0 | D:1      | Reached XP level 1. HP: 16/16 MP: 1/1
   165 | D:1      | Reached skill level 5 in Polearms
   165 | D:1      | Reached XP level 2. HP: 19/22 MP: 2/2
   764 | D:1      | Found Seego's Antique Armour Shoppe.
   987 | D:2      | Reached skill level 6 in Polearms
   987 | D:2      | Reached XP level 3. HP: 16/27 MP: 3/3
  1224 | D:2      | Found a faded altar of an unknown god.
  1534 | D:2      | Reached XP level 4. HP: 19/33 MP: 4/4
  1543 | D:2      | Reached skill level 7 in Polearms
  2558 | D:3      | Noticed Natasha
  2564 | D:3      | Killed Natasha
  2793 | D:4      | Reached skill level 8 in Polearms
  2914 | D:4      | Noticed a necrophage
  2933 | D:4      | Killed a necrophage
  2934 | D:4      | Reached skill level 9 in Polearms
  2934 | D:4      | Reached XP level 5. HP: 32/38 MP: 3/5
  3369 | D:4      | Noticed a necrophage
  3385 | D:4      | Killed a necrophage
  3386 | D:4      | Reached XP level 6. HP: 23/44 MP: 2/6
  3691 | D:4      | Reached skill level 10 in Polearms
  3994 | D:5      | Entered Level 5 of the Dungeon
  4017 | D:5      | Found a staircase to the Ecumenical Temple.
  4032 | D:5      | Noticed a hornet
  4043 | Temple   | Entered the Ecumenical Temple
  4068 | Temple   | Became a worshipper of Yredelemnul the Dark
  4198 | D:5      | Paralysed by a hornet for 2 turns
  4199 | D:5      | Slain by a hornet

Illustrated notes

Levels and vault maps discovered:
D:1:      kilobyte_arrival_exit_the_forest, layout_loops_corners, serial_shops,
          nicolae_lakefront_shop
D:2:      layout_basic, dreamdust_ecumenical_altar_drowned_temple
D:3:      layout_basic, minmay_checkerbox, uniq_natasha
D:4:      layout_loops_corners
D:5:      layout_basic, minmay_temple_entry_junction_2, serial_shops,
          kennysheep_mini, nicolae_shop_crystal, chequers_serial_rivers_micro_c,
          uniq_pikel, uniq_edmund, uniq_duvessa
Temple:   regret_index_temple_waves

Skill      XL: |  1  2  3  4  5  6 |
---------------+-------------------+-----
Polearms       | 5 6 9 10 | 10.2
Fighting       | |  2.1
Throwing       | |  2.0
Dodging        | |  4.0

Action                   |  1- 3 |  4- 6 || total
-------------------------+-------+-------++-------
Melee: Trident           |   110 |   157 ||   267
       Tailslap          |     1 |       ||     1
Throw: Dart              |       |     3 ||     3
       Throwing net      |       |     1 ||     1
  Use: Scroll            |       |     1 ||     1
       Potion            |       |     6 ||     6
 Stab: Sleeping          |     2 |     1 ||     3
       Held in net/web   |       |     1 ||     1
Armor: Leather armour    |    30 |    24 ||    54
       Skin              |       |    12 ||    12
Dodge: Dodged            |    67 |    75 ||   142
